 Dungeon Crawl Stone Soup version 0.28.0-45-g0d030f2227 (webtiles) character file.

Game seed: 8090385758364527335

39 protoss039 the Digger (level 3, -6/27 HPs)
             Began as a Demonspawn Earth Elementalist on May 20, 2022.
             Mangled by an orc
             ... wielding a +0 morningstar
              (7 damage)
             ... on level 2 of the Dungeon.
             The game lasted 00:02:19 (2132 turns).

protoss039 the Digger (DsEE)                        Turns: 2132, Time: 00:02:20

Health: -6/27      AC:  5    Str:  8    XL:     3   Next: 26%
Magic:  0/6        EV: 11    Int: 18    God:
Gold:   33         SH:  0    Dex: 13    Spells: 0/6 levels left

rFire   . . .      SeeInvis .   d - +0 dagger
rCold   . . .      Faith    .   (no shield)
rNeg    . . .      Spirit   .   i - +0 leather armour
rPois   .          Reflect  .   (no helmet)
rElec   .          Harm     .   (no cloak)
rCorr   .          Rampage  .   (no gloves)
Will    .....                   (no boots)
Stlth   ++........              (no amulet)
HPRegen 0.09/turn               (no ring)
MPRegen 0.10/turn               (no ring)

@: very slightly contaminated
A: icy blue scales 1
a: no special abilities


You were on level 2 of the Dungeon.
You visited 1 branch of the dungeon, and saw 2 of its levels.

You collected 33 gold pieces.

Inventory:

Hand Weapons
 d - a +0 dagger (weapon)
Missiles
 c - 23 stones
Armour
 i - a +0 leather armour (worn)
Scrolls
 a - a scroll of immolation {unknown}
 b - a scroll of enchant armour {unknown}
 e - 2 scrolls of identify {unknown}
 g - a scroll of noise {unknown}
Potions
 f - 3 potions of haste {unknown}


   Skills:
 * Level 2.0 Fighting
 - Level 1.7 Dodging
 - Level 1.7 Stealth
 + Level 2.4 Spellcasting
 - Level 1.0 Transmutations
 + Level 3.0 Earth Magic


You couldn't memorise any spells.
You knew the following spells:

 Your Spells              Type           Power      Damage    Failure   Level
a - Sandblast             Erth           26%        2d8       7%          1
b - Passwall              Tmut/Erth      7%         N/A       17%         2
c - Stone Arrow           Conj/Erth      14%        3d7       38%         3

Your spell library contained the following spells:

 Spells                   Type           Power      Damage    Failure   Level
 Petrify                  Tmut/Erth      9%         N/A       73%         4


Dungeon Overview and Level Annotations

Branches:
Dungeon (2/15)

Altars:


Innate Abilities, Weirdness & Mutations

You are partially covered in icy blue scales. (AC +2)


Message History

Casting: Sandblast (safe; 7% risk of failure)
Confirm with . or Enter, or press ? or * to list all spells.
Aiming: Sandblast (safe; 7% risk of failure)
Press: ? - help, Shift-Dir - straight line, f/p - orc
Aim: an orc, wielding a +0 morningstar and wearing a +0 leather armour (79% to hit)
You miscast Sandblast.
You are very lightly contaminated with residual magic.
Nothing appears to happen.
The orc hits you with a +0 morningstar!
* * * LOW HITPOINT WARNING * * *
Casting: Sandblast (safe; 7% risk of failure)
Confirm with . or Enter, or press ? or * to list all spells.
Aiming: Sandblast (safe; 7% risk of failure)
Press: ? - help, Shift-Dir - straight line, f/p - orc
Aim: an orc, wielding a +0 morningstar and wearing a +0 leather armour (79% to hit)
The blast of sand hits the orc.
The orc is lightly wounded.
The orc barely misses you.
Unknown command.
Casting: Sandblast (safe; 7% risk of failure)
Confirm with . or Enter, or press ? or * to list all spells.
Aiming: Sandblast (safe; 7% risk of failure)
Press: ? - help, Shift-Dir - straight line, f/p - orc
Aim: an orc, wielding a +0 morningstar and wearing a +0 leather armour (lightly wounded, 79% to hit)
The blast of sand hits the orc.
The orc is severely wounded.
The orc misses you.
Unknown command.
Casting: Sandblast (safe; 7% risk of failure)
Confirm with . or Enter, or press ? or * to list all spells.
Aiming: Sandblast (safe; 7% risk of failure)
Press: ? - help, Shift-Dir - straight line, f/p - orc
Aim: an orc, wielding a +0 morningstar and wearing a +0 leather armour (severely wounded, 79% to hit)
The blast of sand hits the orc but does no damage.
The orc is severely wounded.
The orc hits you but does no damage.
Casting: Sandblast (safe; 7% risk of failure)
Confirm with . or Enter, or press ? or * to list all spells.
You don't have enough magic to cast this spell.
The orc hits you with a +0 morningstar!
You die...

#.....≈≈≈≈≈...#
#.....≈≈≈≈≈#.##
#.#####≈≈≈≈...#
###.####..≈≈≈###.
.................
########...######
##.##
#.###########.
#...@o.)......
##############


You could see an orc.

Vanquished Creatures
  3 dart slugs (D:1)
  An orc (D:2)
  4 ball pythons
  4 bats (D:1)
  5 endoplasms
  4 hobgoblins (D:1)
  A kobold (D:1)
  A quokka (D:1)
  3 frilled lizards (D:1)
  A rat (D:1)
27 creatures vanquished.

Notes
Turn   | Place    | Note
-------+----------+-------------------------------------------
     0 | D:1      | protoss039 the Demonspawn Earth Elementalist began the
                  | quest for the Orb.
     0 | D:1      | Reached XP level 1. HP: 13/13 MP: 3/3
   100 | D:1      | Reached skill level 1 in Transmutations
   425 | D:1      | Reached skill level 1 in Fighting
   429 | D:1      | Gained mutation: You are partially covered in icy blue
                  | scales. (AC +2) [demonic ancestry]
   429 | D:1      | Reached XP level 2. HP: 16/21 MP: 1/5
  1175 | D:1      | Found a faded altar of an unknown god.
  1592 | D:1      | Reached skill level 3 in Earth Magic
  1637 | D:1      | Reached XP level 3. HP: 27/27 MP: 6/6
  1680 | D:1      | You fall into a shaft and drop 1 floor!
  2048 | D:2      | Learned a level 2 spell: Passwall
  2052 | D:2      | Learned a level 3 spell: Stone Arrow
  2127 | D:2      | HP: 1/27 [orc/+0 morningstar (8)]
  2132 | D:2      | Mangled by an orc

Illustrated notes

Levels and vault maps discovered:
D:1:      ebering_trefoil_3fold, layout_basic,
          shapermc_ecumenical_altar_mp_vishouse, minmay_quantized
D:2:      wander_river, layout_loops_ring, uniq_crazy_yiuf_cottage

Skill      XL: |  1  2  3 |
---------------+----------+-----
Transmutations | 1 |  1.0
Fighting       | 1 2 |  2.0
Earth Magic    | 3 |  3.0
Dodging        | |  1.7
Stealth        | |  1.7
Spellcasting   | |  2.4

Action                   || total
-------------------------++-------
Melee: Dagger            ||   136
       Unarmed           ||     1
       Punch             ||     3
 Cast: Sandblast         ||    23
 Stab: Sleeping          ||     6
Armor: Robe              ||     7
       Ring mail         ||    27
       Leather armour    ||    11
Dodge: Dodged            ||    98
